Construct Infanterie Kompanie
Infanterie Officer Quarters
Selects Luftwaffe Battlegroup
Selects Luftwaffe Pioneer Support
Selects LG40 Recoilless Gun Paradrop
LG40 Recoilless Gun Paradrop
Construct Panzergrenadier Kompanie
Pak 40 Anti-tank Gun Team
Construct Panzer Kompanie
Selects Infantry Reserves
Pak 40 Anti-tank Gun Team
Panzergrenadier Officer Quarters
Selects Stuka Strafing Run
Selects Fallschirmjäger Squad Paradrop
Pak 40 Anti-tank Gun Team
Pak 40 Anti-tank Gun Team